 Dungeon Crawl Stone Soup version 0.31-a0-237-g2d982f9f85 (webtiles) character file.

Game seed: 2415826213853125579

89 qw the Shooter (level 4, 0/36 HPs)
             Began as a Minotaur Hexslinger on July 11, 2023.
             Slain by a cerulean imp
             ... wielding a +4 spear
             ... summoned by Natasha
              (1 damage)
             ... on level 3 of the Dungeon.
             The game lasted 00:00:49 (2104 turns).

qw the Shooter (Minotaur Hexslinger)                Turns: 2104, Time: 00:00:50

Health: 0/36       AC:  5    Str: 12    XL:     4   Next: 31%
Magic:  4/4        EV: 11    Int: 10    God:
Gold:   142        SH:  0    Dex: 15    Spells: 4/5 levels left

rFire   . . .        Y - +1 sling
rCold   . . .        (no shield)
rNeg    . . .        g - +0 ring mail
rPois   .            (helmet restricted)
rElec   .            (no cloak)
rCorr   .            (no gloves)
SInv    .            (no boots)
Will    .....        (no amulet)
Stlth   +            (no ring)
HPRegen 0.26/turn    (no ring)
MPRegen 0.09/turn

%: no passive effects
@: no status effects
A: horns 2, retaliatory headbutt
a: no special abilities


You were on level 3 of the Dungeon.
You visited 1 branch of the dungeon, and saw 3 of its levels.

You collected 142 gold pieces.


Innate Abilities, Weirdness & Mutations

You have a pair of horns on your head.
You reflexively headbutt those who attack you in melee.


   Skills:
 - Level 2.0 Fighting
 + Level 4.6 Ranged Weapons
 - Level 1.2 Armour
 - Level 2.1 Dodging
 - Level 1.0 Spellcasting
 - Level 2.0 Hexes


You had 4 spell levels left.
You knew the following spells:

 Your Spells              Type           Power      Damage    Failure   Level
a - Slow                  Hex            16%        N/A       34%         1

Your spell library contained the following spells:

 Spells                   Type           Power      Damage    Failure   Level
 Inner Flame              Hex/Fire       2%         N/A       83%         3
 Portal Projectile        Hex/Tloc       4%         N/A       83%         3
 Cause Fear               Hex            2%         N/A       98%         4

Inventory:

Hand Weapons
 Y - a +1 sling (weapon)
Armour
 g - a +0 ring mail (worn)
Jewellery
 i - a +6 ring of dexterity
Scrolls
 a - a scroll of identify
 h - a scroll of summoning {unknown}
 k - a scroll of teleportation {unknown}
Potions
 b - a potion of curing {unknown}
 c - a potion of invisibility
 d - a potion of lignification {unknown}
 e - a potion of haste {unknown}
 j - a potion of ambrosia {unknown}

Dungeon Overview and Level Annotations

Branches:
Dungeon (3/15)

Altars:
Elyvilon
Uskayaw

Shops:
D:1 !

Annotations:
D:3 Natasha


Message History

You shoot a sling bullet. The sling bullet hits the cerulean imp.
The cerulean imp is heavily wounded.
The cerulean imp disappears in a puff of smoke!
The cerulean imp barely misses you. Something claws you.
The cerulean imp hits you from afar with a +4 spear.
Something claws you but does no damage.
2098 ||| DRINKING potion of heal wounds.
You feel much better.
You hear some strange, mumbled words.
The cerulean imp closely misses you.
You shoot a sling bullet.
The sling bullet barely misses the cerulean imp.
Something claws you. The cerulean imp completely misses you.
The cerulean imp hits you with a +0 spear.
You shoot a sling bullet.
The sling bullet barely misses the cerulean imp.
Something claws you but does no damage.
The cerulean imp hits you from afar with a +4 spear.
The cerulean imp hits you with a +0 spear.
You shoot a sling bullet.
The sling bullet closely misses the cerulean imp.
Something claws you. The cerulean imp barely misses you. x2
You furiously retaliate!
You headbutt the cerulean imp. Something claws you.
The cerulean imp hits you from afar with a +4 spear.
You shoot a sling bullet. The sling bullet hits the cerulean imp.
The cerulean imp is severely wounded.
The cerulean imp hits you but does no damage.
Something claws you but does no damage.
The cerulean imp hits you from afar with a +4 spear.
The cerulean imp hits you but does no damage.
You shoot a sling bullet.
The sling bullet barely misses the cerulean imp.
Something claws you. The cerulean imp misses you.
The cerulean imp barely misses you. You furiously retaliate!
You headbutt the cerulean imp, but do no damage.
You shoot a sling bullet. The sling bullet hits the cerulean imp.
The cerulean imp is almost dead.
Something claws you!
The cerulean imp hits you from afar with a +4 spear.
You die...

...###...........###.##..##.....
#### #####...............##8...8
#.#...#.##..###.# _## ###
#+#...#.##..# #.### ### ..####
...####.##..###.#.# #.# .......
.... #.##......#.# #.# #.#.#.#
..... #5##........# #.. ...#...
......#.##...#..#######. #.#.#..
......{@5............... ......
..(...#.........#######. #.#.#
..... #####.##.## #. ....# ....
#.....# #. #..## ... #.##### #.
...# #+# #.# #. #..# #.# #.# ##
..## ###.###### #.# ###
#........# #.#


You could see 2 cerulean imps.

Vanquished Creatures
  Natasha (D:3)
  An adder (D:2)
  2 worms (D:2)
  3 dart slugs
  2 ball pythons
  5 endoplasms
  A giant cockroach (D:2)
  5 goblins
  3 hobgoblins
  2 jackals (D:3)
  6 kobolds
  2 bats (D:2)
  4 frilled lizards (D:2)
  9 rats
46 creatures vanquished.

Notes
Turn   | Place    | Note
-------+----------+-------------------------------------------
     0 | D:1      | qw the Minotaur Hexslinger began the quest for the Orb.
     0 | D:1      | Reached XP level 1. HP: 16/16 MP: 1/1
     0 | D:1      | 0 ||| qw: Version: 0.3-a-52-g30416fa
     0 | D:1      | 0 ||| qw: Game counter: 5817
     0 | D:1      | 0 ||| qw: Melee chars always use a shield: true
     0 | D:1      | 0 ||| qw: God list: Okawaru
     0 | D:1      | 0 ||| qw: Allow faded altars: false
     0 | D:1      | 0 ||| qw: Do Orc after clearing Dungeon:15 true
     0 | D:1      | 0 ||| qw: Do second Lair branch before Depths: true
     0 | D:1      | 0 ||| qw: Lair rune preference: random
     0 | D:1      | 0 ||| qw: Goals: Normal
     0 | D:1      | 0 ||| PLANNING D:1-11
    93 | D:1      | Reached skill level 3 in Ranged Weapons
    93 | D:1      | Reached XP level 2. HP: 22/23 MP: 2/2
   237 | D:1      | Found Pol Bim's Distillery.
   245 | D:1      | 245 ||| SHOPLISTING potion of cancellation (80 gold, have
                  | 21).
   245 | D:1      | 245 ||| SHOPLISTING potion of curing (30 gold, have 21).
   245 | D:1      | 245 ||| SHOPLISTING potion of heal wounds (50 gold, have
                  | 21).
   245 | D:1      | 245 ||| SHOPLISTING potion of mutation (80 gold, have 21).
   612 | D:1      | 612 ||| UPGRADING to +0 ring mail.
   622 | D:1      | 622 ||| DROPPING +0 robe.
   623 | D:1      | 623 ||| READING 2 scrolls labelled HEL BO RUCU.
   624 | D:1      | 624 ||| DRINKING 2 black potions.
   625 | D:1      | 625 ||| DROPPING scroll of poison.
   728 | D:2      | Reached XP level 3. HP: 22/29 MP: 3/3
   839 | D:2      | Reached skill level 4 in Ranged Weapons
  1107 | D:2      | Reached skill level 1 in Armour
  1553 | D:2      | 1553 ||| DRINKING 2 metallic emerald potions.
  1554 | D:2      | 1554 ||| DROPPING potion of brilliance.
  1890 | D:3      | Noticed Natasha
  1893 | D:3      | 1893 ||| FLEEEEING.
  1894 | D:3      | 1894 ||| FLEEEEING.
  1895 | D:3      | 1895 ||| FLEEEEING.
  1896 | D:3      | 1896 ||| FLEEEEING.
  1897 | D:3      | 1897 ||| FLEEEEING.
  1898 | D:3      | 1898 ||| FLEEEEING.
  1899 | D:3      | 1899 ||| FLEEEEING.
  1900 | D:3      | 1900 ||| FLEEEEING.
  1902 | D:3      | 1902 ||| FLEEEEING.
  1903 | D:3      | 1903 ||| FLEEEEING.
  1904 | D:3      | 1904 ||| FLEEEEING.
  1905 | D:3      | 1905 ||| FLEEEEING.
  1906 | D:3      | 1906 ||| FLEEEEING.
  1907 | D:3      | 1907 ||| FLEEEEING.
  1911 | D:3      | 1911 ||| FLEEEEING.
  1917 | D:3      | 1917 ||| FLEEEEING.
  1918 | D:3      | 1918 ||| FLEEEEING.
  1929 | D:3      | 1929 ||| FLEEEEING.
  1955 | D:3      | Killed Natasha
  1956 | D:3      | Reached XP level 4. HP: 36/36 MP: 4/4
  2065 | D:3      | Found a white marble altar of Elyvilon.
  2068 | D:3      | Found a hide-covered altar of Uskayaw.
  2081 | D:3      | Noticed Natasha
  2092 | D:3      | HP: 5/36 [something (5)]
  2093 | D:3      | 2093 ||| DRINKING 2 potions of heal wounds.
  2097 | D:3      | HP: 6/36 [something (6)]
  2098 | D:3      | 2098 ||| DRINKING potion of heal wounds.
  2103 | D:3      | HP: 8/36 [something (4)]
  2104 | D:3      | HP: 1/36 [something (7)]
  2104 | D:3      | Slain by a cerulean imp

Levels and vault maps discovered:
D:1:      minmay_arrival_up_and_down, layout_basic, serial_shops,
          nicolae_shop_hallway_plus, hangedman_decor_growths,
          serial_bayou_ford_a, interstate_on_off
D:2:      layout_basic, hangedman_decor_opposing, minmay_pentomino_t2
D:3:      layout_loops_corners, nicolae_overflow_hidden_temple,
          hangedman_decor_riveting, grunt_ministairs_14,
          kennysheep_generic_room_10, uniq_natasha

Skill      XL: |  1  2  3 |
---------------+----------+-----
Ranged Weapons | 3 4 |  4.6
Fighting       | 2 |  2.0
Armour         | 1 |  1.2
Dodging        | |  2.1
Spellcasting   | |  1.0
Hexes          | |  2.0

Action                     |  1- 3 |  4- 6 || total
---------------------------+-------+-------++-------
   Fire: Sling             |   140 |    21 ||   161
    Use: Potion            |     2 |     2 ||     4
         Scroll            |     1 |       ||     1
 Armour: Ring mail         |    17 |    11 ||    28
         Skin              |     5 |       ||     5
  Dodge: Dodged            |    28 |    18 ||    46

Table legend:
 A = Non-vault XP
 B = Vault XP
 C = Vault XP percentage of total XP
 D = Non-vault monster count
 E = Vault monster count
 F = Vault count percentage of total count
                 A         B        C        D         E       F
            +---------+---------+-------+---------+---------+-------
      Total |      87 |      41 |  32.0 |      43 |       3 |   6.5
            +---------+---------+-------+---------+---------+-------
        D:1 |      24 |       0 |   0.0 |      12 |       0 |   0.0
        D:2 |      50 |       6 |  10.7 |      22 |       2 |   8.3
        D:3 |      13 |      35 |  72.9 |       9 |       1 |  10.0
            +---------+---------+-------+---------+---------+-------
